 Dungeon Crawl Stone Soup version 0.21.1-1-g345015f (webtiles) character file.

412 Kairos the Twirler (level 7, -2/52 HPs)
             Began as a Human Skald on Mar 24, 2018.
             Killed by divine providence
             ... invoked by an orc priest
              (16 damage)
             ... on level 4 of the Dungeon.
             The game lasted 00:08:51 (3702 turns).

Kairos the Twirler (Human Skald)                    Turns: 3702, Time: 00:08:53

Health: -2/52      AC:  4    Str: 13    XL:     7   Next: 14%
Magic:  1/10       EV: 12    Int: 13    God:
Gold:   113        SH:  0    Dex: 13    Spells: 5/11 levels left

rFire    . . .     SeeInvis .   q - +3 quarterstaff (chaos)
rCold    . . .     Gourm    +   (shield currently unavailable)
rNeg     . . .     Faith    .   b - +0 leather armour
rPois    .         Spirit   .   (no helmet)
rElec    .         Reflect  .   r - +0 cloak
rCorr    .         Harm     .   (no gloves)
MR       .....                  (no boots)
Stlth    +.........             n - amulet of the gourmand
HPRegen  0.17/turn              m - ring of wizardry
MPRegen  0.12/turn              (no ring)

@: infused (expiring)
A: no striking features
a: no special abilities


You were on level 4 of the Dungeon.
You were not hungry.

You visited 1 branch of the dungeon, and saw 4 of its levels.

You collected 113 gold pieces.

Inventory:

Hand Weapons
 a - a +0 mace
 q - a +3 quarterstaff of chaos (weapon)
Armour
 b - a +0 leather armour (worn)
 r - a +0 cloak (worn)
Jewellery
 m - a ring of wizardry (left hand)
 n - an amulet of the gourmand (around neck)
Scrolls
 e - 2 scrolls of teleportation {unknown}
 f - a scroll of magic mapping {unknown}
 i - a scroll of noise {unknown}
 l - 3 scrolls of remove curse {unknown}
 o - 6 scrolls of identify {unknown}
 t - a scroll of amnesia {unknown}
 u - a scroll of enchant armour {unknown}
Potions
 g - a potion of curing {unknown}
 h - 2 potions of degeneration {unknown}
 j - 2 potions of lignification {unknown}
 k - 2 potions of invisibility {unknown}
 p - a potion of brilliance {unknown}
 s - a potion of heal wounds {unknown}
Books
 c - a book of Battle

   Spells                             Type                      Level
   a - Infusion                       Charms                       1
   b - Shroud of Golubria             Charms/Translocation         2
   c - Song of Slaying                Charms                       2
   d - Spectral Weapon                Hexes/Charms                 3
   e - Regeneration                   Charms/Necromancy            3
Comestibles
 d - 9 rations


   Skills:
 + Level 3.0 Fighting
 + Level 2.7(3.8) Maces & Flails
 + Level 4.1(4.5) Staves
 + Level 2.7 Armour
 + Level 2.7 Dodging
 + Level 0.7 Stealth
 + Level 2.5 Spellcasting
 + Level 3.4 Charms


You had 5 spell levels left.
You knew the following spells:

 Your Spells              Type           Power        Failure   Level  Hunger
a - Infusion              Chrm           ##..         3%          1    #......
b - Shroud of Golubria    Chrm/Tloc      #.........   9%          2    ###....
c - Regeneration          Chrm/Necr      #.........   17%         3    ###....


Dungeon Overview and Level Annotations

Branches:
Dungeon (4/15)
 Temple: D:4-7

Altars:
Sif Muna

Annotations:
D:3 2 transporters


Message History

The orc priest is lightly wounded.
The orc priest hits you but does no damage.
The orc hits you with a club.
You hit the orc priest but do no damage.
The orc priest is lightly wounded.
You are no longer glowing.
Your magical infusion is running out.
Your shroud bends the orc priest's attack away.
You hit the orc priest but do no damage.
The orc priest is poisoned.
The orc priest is lightly wounded.
Your shroud begins to fray at the edges.
The orc hits you with a club. The orc priest barely misses you.
You hit the orc priest. You freeze the orc priest.
The orc priest is moderately wounded.
The orc hits you with a club.
* * * LOW HITPOINT WARNING * * *
Your shroud falls apart!
The orc priest mumbles some strange prayers to Beogh against you.
Beogh smites you!
You die...

#(####...!..##(#
#. ##.....##.# .
......##.# .....
#.# #... #.#
#... #.#
.#####..# #.#
......oo#####.#
#@...##.#
#....##.#
#....##.#
#....##)#
##...##.#
#...##.#
#......#
#####...####
####.....#..)##


You could see an orc priest and an orc.

Vanquished Creatures
  A phantom (D:4)
  A gnoll shaman (D:4)
  3 orc priests
  Crazy Yiuf (D:2)
  A hound skeleton (D:4)
  3 gnolls (D:4)
  4 adders
  4 oozes
  2 dart slugs
  2 leopard geckos
  13 orcs
  5 giant cockroaches
  8 goblins
  7 hobgoblins
  7 jackals (D:2)
  2 bats
  5 frilled lizards
  5 kobolds
  2 rats (D:1)
76 creatures vanquished.

Notes
Turn   | Place    | Note
-------+----------+-------------------------------------------
     0 | D:1      | Kairos the Human Skald began the quest for the Orb.
     0 | D:1      | Reached XP level 1. HP: 16/16 MP: 3/3
    75 | D:1      | Reached XP level 2. HP: 8/22 MP: 0/5
   530 | D:1      | Reached XP level 3. HP: 21/27 MP: 2/6
  1609 | D:2      | Reached XP level 4. HP: 32/33 MP: 7/7
  1741 | D:2      | Found a runed door.
  1891 | D:2      | Learned a level 2 spell: Shroud of Golubria
  1895 | D:2      | Learned a level 3 spell: Regeneration
  1898 | D:2      | Noticed Crazy Yiuf
  1905 | D:2      | Killed Crazy Yiuf
  2137 | D:3      | Found a faded altar of an unknown god.
  2173 | D:3      | Reached XP level 5. HP: 38/39 MP: 8/8
  2268 | D:3      | Found a transporter.
  2469 | D:3      | Reached skill level 1 in Staves
  2482 | D:3      | Reached skill level 2 in Staves
  2484 | D:3      | Reached XP level 6. HP: 9/46 MP: 7/9
  2879 | D:3      | Found a deep blue altar of Sif Muna.
  2935 | D:3      | Found a transporter.
  3035 | D:4      | Noticed a phantom
  3050 | D:4      | Killed a phantom
  3050 | D:4      | Reached skill level 3 in Staves
  3680 | D:4      | Reached XP level 7. HP: 51/51 MP: 2/10
  3695 | D:4      | Reached skill level 4 in Staves
  3702 | D:4      | Killed from afar by an orc priest

Skill      XL: |  1  2  3  4  5  6  7 |
---------------+----------------------+-----
Armour         | 2 |  2.7
Staves         | 2 3 4 |  4.1
Fighting       | 3 |  3.0
Maces & Flails | |  2.7
Dodging        | |  2.7
Stealth        | |  0.7
Spellcasting   | |  2.5
Charms         | |  3.4

Action                   |  1- 3 |  4- 6 |  7- 9 || total
-------------------------+-------+-------+-------++-------
Melee: Mace              |   112 |    24 |       ||   136
       Quarterstaff      |       |   125 |     9 ||   134
 Cast: Infusion          |     6 |     3 |     1 ||    10
       Shroud of Golubri |       |     5 |     1 ||     6
       Regeneration      |       |     1 |       ||     1
 Stab: Petrifying        |       |     1 |       ||     1
       Petrified         |       |     1 |       ||     1
       Confused          |       |     1 |       ||     1
  Eat: Chunk             |     2 |     9 |       ||    11
Armor: Leather armour    |    42 |    25 |     2 ||    69
Dodge: Dodged            |    74 |    98 |     2 ||   174
